Map: Remanso LE

Players

Hezylei - Winner!

  • Race: Terran Terran
  • League: Silver
  • Spawn Location: 11:00

IagoAbreu

  • Race: Terran Terran
  • League: Silver
  • Spawn Location: 5:00

VOD

Have the link to the VOD?

Description

Time

  • Played on: March 9, 2018, 10:33 a.m.
  • Length: 12:06
Show
View Real Time Build Order
Export as new Build Order

Hezylei Terran - Winner!

Build Orders: Cyclone Opening 

Get SALT Encoding   

  12  0:00  SCV  
  13  0:12  SCV  
  14  0:17  Supply Depot  
  14  0:25  SCV  
  15  0:30  Refinery  
  15  0:43  Barracks  
  15  0:45  SCV  
  16  0:57  SCV  
  16  1:04  Supply Depot  
  17  1:10  SCV  
  19  1:30  Orbital Command  
  18  1:33  Factory  
  18  1:34  Marine  
  19  2:07  Barracks Reactor  
  19  2:08  SCV  
  20  2:12  Refinery  
  20  2:20  SCV  
  21  2:27  Cyclone  
  24  2:32  SCV  
  25  2:44  SCV  
  25  2:45  Marine x2  
  28  2:57  Command Center  
  28  3:18  Barracks Tech Lab  
  28  3:20  Cyclone  
  31  3:30  Supply Depot  
  31  3:32  Supply Depot x2  
  31  3:52  Cyclone, Marauder  
  36  4:19  Cyclone  
  39  4:34  Marauder  
  44  4:40  Orbital Command  
  44  4:42  SCV  
  36  5:53  Marine x2  
  38  5:57  Siege Tank  
  38  6:11  Marine x2  
  40  6:28  Marine  
  40  6:29  Marine, Siege Tank  
  45  6:46  Marine  
  46  6:47  Marine  
  46  6:54  Orbital Command  
  47  7:04  Marine  
  47  7:05  Marine  
  49  7:27  SCV  
  49  7:28  SCV  
  51  7:39  SCV  
  51  7:40  SCV  
  49  7:51  SCV  
  49  7:52  SCV  
  47  8:03  SCV  
  47  8:04  SCV  
  49  8:16  SCV x2  
  43  8:28  SCV x2  
  45  8:35  Marine  
  45  8:36  Marine  
  47  8:53  Marine x2  
  49  9:11  Marine x2  
  51  9:28  Marine, Barracks  
  51  9:29  Marine  
  51  9:31  Barracks x2  
  53  9:34  Barracks, Starport x2  
  53  9:35  Starport  
  51  10:55  Marine  
  52  11:11  Marine  
  52  11:13  Marine  
  54  11:29  Marine  
  54  11:30  Marine  
  56  11:47  Marine  
Show
View Real Time Build Order
Export as new Build Order

IagoAbreu Terran 

Build Orders: Liberator Opening 

Get SALT Encoding   

  12  0:03  SCV  
  13  0:23  Supply Depot  
  13  0:26  SCV  
  14  0:42  SCV  
  15  0:54  SCV  
  15  0:55  Barracks  
  16  1:06  SCV  
  17  1:18  Refinery  
  17  1:20  SCV, Refinery  
  18  1:32  SCV  
  19  1:44  SCV  
  20  2:00  Marine  
  21  2:08  Factory  
  21  2:13  Orbital Command  
  21  2:15  Engineering Bay  
  21  2:18  Marine  
  22  2:35  Marine  
  23  2:53  Factory  
  23  2:55  Starport  
  23  3:07  Supply Depot  
  23  3:10  Supply Depot  
  23  3:15  Terran Infantry Weapons Level 1  
  23  3:19  Factory Reactor  
  23  3:30  Supply Depot  
  23  3:34  Supply Depot  
  23  3:46  Factory Reactor  
  23  3:51  Liberator  
  23  4:00  Widow Mine  
  23  4:01  Widow Mine  
  29  4:22  Widow Mine x2  
  29  4:23  SCV  
  31  4:32  Marine  
  31  4:34  Widow Mine x2  
  31  4:35  SCV  
  37  4:49  Marine  
  41  5:10  Widow Mine x4  
  42  5:15  Barracks Reactor  
  42  5:20  Liberator  
  34  5:33  Barracks  
  37  5:45  Supply Depot  
  37  5:46  SCV  
  38  5:53  Widow Mine x4  
  38  5:55  Reaper  
  47  6:07  Reaper, SCV  
  49  6:19  SCV  
  50  6:31  SCV  
  50  6:32  Barracks Reactor  
  51  6:33  Reaper  
  50  6:50  Reaper  
  50  6:53  Cyclone  
  54  7:13  Command Center  
  54  7:17  Cyclone  
  38  7:47  Cyclone  
  38  7:48  Cyclone x2  
  47  7:52  Marine x3  
  44  8:10  Marine x2  
  31  8:52  Factory Reactor  
  31  8:53  Factory Reactor  
  31  8:57  Orbital Command  
  31  9:06  Starport  
  31  9:11  Armory  
  31  9:15  Starport Reactor, Starport  
  31  9:22  Refinery  
  31  9:23  SCV  
  32  9:35  SCV  
  33  9:44  Refinery  
  33  9:47  SCV  
  34  9:59  SCV  
  31  10:11  SCV  
  29  10:21  Liberator x2  
  29  10:23  SCV  
  27  10:35  SCV  
  34  10:43  Starport Reactor  
  34  10:47  SCV  
  27  11:30  Cyclone  
  27  11:31  Cyclone x2  
Tags
 
Add a new tag
Caveats
  • Supply blocks, unpowered buildings, or Contaminate may cause inaccurate times.
  • Supply counts are checked every 10 seconds.